 Dungeon Crawl Stone Soup version 0.20-a0-903-g7e3609c (webtiles) character file.

235 Wendigo the Scholar of Death (level 5, -4/38 HPs)
             Began as a Vampire Necromancer on Mar 20, 2017.
             Was a Follower of Kikubaaqudgha.
             Slain by an ogre
             ... wielding a +0 giant club
              (31 damage)
             ... on level 4 of the Dungeon.
             The game lasted 00:15:41 (4539 turns).

Wendigo the Scholar of Death (Vampire Necromancer)  Turns: 4539, Time: 00:15:42

Health: -4/38      AC:  2    Str:  7    XL:     5   Next: 76%
Magic:  5/9        EV: 13    Int: 18    God:    Kikubaaqudgha [*.....]
Gold:   180        SH:  0    Dex: 15    Spells: 2/10 levels left

rFire    . . .     SeeInvis +   e - +0 great sword (venom)
rCold    . . .     Gourm    .   a - +0 robe
rNeg     . . .     Faith    .   (shield currently unavailable)
rPois    .         Spirit   .   (no helmet)
rElec    .         Reflect  .   (no cloak)
rCorr    .         Harm     .   (no gloves)
MR       .....                  (no boots)
Stlth    ++........             r - amulet of magic regeneration
Regen    0.4/turn               (no ring)
MPRegen  0.2/turn               (no ring)

@: lethally poisoned (-4 -> -4), regenerating quickly
A: fangs 3, see invisible, unbreathing
a: Receive Corpses, Renounce Religion


You were on level 4 of the Dungeon.
You worshipped Kikubaaqudgha.
Kikubaaqudgha was aware of your devotion.
You were very full.

You visited 1 branch of the dungeon, and saw 4 of its levels.

You collected 180 gold pieces.

Inventory:

Hand Weapons
 e - a +0 great sword of venom (weapon)
 n - a +1 vampiric whip
Armour
 a - a +0 robe (worn)
Jewellery
 r - an amulet of magic regeneration (around neck)
Wands
 t - a wand of enslavement (9/24)
Scrolls
 c - a scroll of enchant armour {unknown}
 d - 6 scrolls of identify
 g - a scroll of amnesia
 l - a scroll of magic mapping {unknown}
 m - 2 scrolls of fog
 o - a scroll of teleportation
 p - 2 scrolls of remove curse
 q - a scroll of recharging {unknown}
Potions
 f - a potion of ambrosia {unknown}
 h - a potion of haste {unknown}
 i - 3 potions of mutation {unknown}
 k - a potion of heal wounds {unknown}
 s - 3 potions of blood
Books
 b - a book of Necromancy

   Spells                             Type                      Level
   a - Pain                           Necromancy                   1
   b - Animate Skeleton               Necromancy                   1
   c - Vampiric Draining              Necromancy                   3
   d - Regeneration                   Charms/Necromancy            3
   e - Animate Dead                   Necromancy                   4
   f - Control Undead                 Necromancy                   4
 j - Kikubaaqudgha's Handbook of Dark Secrets
   (Kikubaaqudgha gifted it to you on level 3 of the Dungeon)

   Spells                             Type                      Level
   a - Pain                           Necromancy                   1
   b - Corpse Rot                     Necromancy                   2
   c - Sublimation of Blood           Necromancy                   2
   d - Regeneration                   Charms/Necromancy            3
   e - Control Undead                 Necromancy                   4


   Skills:
 + Level 2.0 Fighting
 * Level 1.4 Long Blades
 - Level 2.1 Dodging
 - Level 3.0 Stealth
 + Level 3.1 Spellcasting
 * Level 6.2 Necromancy


You had 2 spell levels left.
You knew the following spells:

 Your Spells              Type           Power        Failure   Level  Hunger
a - Pain                  Necr           ####         1%          1    None
b - Regeneration          Chrm/Necr      ##........   17%         3    ###....
c - Animate Dead          Necr           N/A          14%         4    ####...


Dungeon Overview and Level Annotations

Branches:
Dungeon (4/15)
 Temple: D:4-7

Altars:
Kikubaaqudgha
Trog


Innate Abilities, Weirdness & Mutations

Your natural rate of healing is unusually fast.
You have razor-sharp teeth.
You have supernaturally acute eyesight. (SInv)
You can survive without breathing.


Message History

Confirm with . or Enter, or press ? or * to list all spells.
Aiming: Pain
Press: ? - help, Shift-Dir - straight line, f/p - ogre
Aim: an ogre, wielding a giant club (moderately wounded, chance to defeat MR: 84%)
The ogre barely resists.
You feel sick.
Casting: Pain
Confirm with . or Enter, or press ? or * to list all spells.
Aiming: Pain
Press: ? - help, Shift-Dir - straight line, f/p - ogre
Aim: an ogre, wielding a giant club (moderately wounded, chance to defeat MR: 84%)
The ogre barely resists.
Casting: Pain
Confirm with . or Enter, or press ? or * to list all spells.
Aiming: Pain
Press: ? - help, Shift-Dir - straight line, f/p - ogre
Aim: an ogre, wielding a giant club (moderately wounded, chance to defeat MR: 84%)
The ogre writhes in agony!
The ogre hits you with a giant club!!
Ouch! That really hurt!
You die...
Kikubaaqudgha rasps: "You have failed me!
Welcome... oblivion!"

#########......########
.........#......#.......
.........'......#.......
.........#..>...#.......
.........#......#.......
.........#......'.......
.........#......#.....##
.........#......#(....##
.......@.#......+......#
....(..O.#......#......#
.........#......#......#
.........#......#......#
.........#......#..(.).#
.........#......#......#
#+####..%#......#'######
#...#......#.....##
#......#.....'.


You could see an ogre.

Vanquished Creatures
  A centaur (D:4)
  9 adders
  A shadow imp (D:3)
  2 worms (D:2)
  2 dart slugs
  2 leopard geckos
  3 orcs (D:3)
  2 ball pythons (D:3)
  2 giant cockroaches
  9 goblins
  6 hobgoblins
  5 bats
  2 frilled lizards
  9 kobolds
  9 rats
64 creatures vanquished.

Notes
Turn   | Place    | Note
-------+----------+-------------------------------------------
     0 | D:1      | Wendigo the Vampire Necromancer began the quest for the Orb.
     0 | D:1      | Reached XP level 1. HP: 13/13 MP: 3/3
  1020 | D:1      | Reached XP level 2. HP: 9/19 MP: 0/5
  2274 | D:2      | Reached skill level 5 in Necromancy
  2316 | D:2      | Noticed a moth of wrath
  2319 | D:2      | Found a bloodstained altar of Trog.
  2340 | D:2      | Reached XP level 3. HP: 24/25 MP: 3/6
  2928 | D:2      | Found an ancient bone altar of Kikubaaqudgha.
  2950 | D:2      | Became a worshipper of Kikubaaqudgha
  3045 | D:2      | Reached skill level 1 in Fighting
  3510 | D:2      | Learned a level 3 spell: Regeneration
  3525 | D:2      | Reached XP level 4. HP: 32/32 MP: 5/8
  3561 | D:2      | Learned a level 4 spell: Animate Dead
  4015 | D:3      | Reached * piety under Kikubaaqudgha
  4015 | D:3      | Identified Kikubaaqudgha's Handbook of Dark Secrets (Kikubaaqudgha gifted it to you on level 3 of the Dungeon)
  4015 | D:3      | Received a gift from Kikubaaqudgha
  4202 | D:3      | Reached XP level 5. HP: 14/37 MP: 1/9
  4471 | D:4      | Noticed a centaur
  4479 | D:4      | Killed a centaur
  4479 | D:4      | Reached skill level 1 in Long Blades
  4479 | D:4      | Reached skill level 6 in Necromancy
  4534 | D:4      | Noticed an ogre
  4539 | D:4      | Slain by an ogre

Vault maps used:
D:1:      dpeg_arrival_simpleton_b
D:2:      tgw_trog, kiku_gazebo_pond_becter
D:3:      lemuel_upstairs_altar
D:4:      first_bread

Skill      XL: |  1  2  3  4  5 |
---------------+----------------+-----
Necromancy     | 5 6 |  6.2
Fighting       | 1 2 |  2.0
Spellcasting   | 3 |  3.1
Long Blades    | 1 |  1.4
Dodging        | |  2.1
Stealth        | |  3.0

Action                   |  1- 3 |  4- 6 || total
-------------------------+-------+-------++-------
Melee: Spear             |     3 |       ||     3
       Short sword       |    25 |       ||    25
       Bite              |     4 |     8 ||    12
       Whip              |    15 |    50 ||    65
       Great sword       |       |    34 ||    34
 Cast: Pain              |    43 |    13 ||    56
       Regeneration      |     1 |     6 ||     7
       Animate Dead      |       |     2 ||     2
Invok: Receive Corpses   |       |     1 ||     1
  Use: Potion            |     3 |    12 ||    15
       Scroll            |       |     6 ||     6
 Stab: Sleeping          |     4 |     2 ||     6
  Eat: Corpse            |     1 |     6 ||     7
Armor: Robe              |     6 |    19 ||    25
Dodge: Dodged            |    36 |    63 ||    99
       Rpst.: Great sword |       |    14 ||    14
